 Dungeon Crawl Stone Soup version 0.28-a0-1447-ga5a8893891 (webtiles) character file.

Game seed: 2783802013834989435

1 hashsling the Vexing (level 1, 0/10 HPs)
             Began as a Deep Elf Enchanter on Jan 11, 2022.
             Slain by a hobgoblin (4 damage)
             ... on level 1 of the Dungeon.
             The game lasted 00:00:25 (157 turns).

hashsling the Vexing (Deep Elf Enchanter)            Turns: 157, Time: 00:00:27

Health: 0/10       AC:  2    Str:  5    XL:     1   Next: 16%
Magic:  6/6        EV: 12    Int: 19    God:
Gold:   23         SH:  0    Dex: 15    Spells: 6/6 levels left

rFire   . . .      SeeInvis .   a - +1 dagger
rCold   . . .      Faith    .   (no shield)
rNeg    . . .      Spirit   .   b - +0 robe
rPois   .          Reflect  .   (no helmet)
rElec   .          Harm     .   (no cloak)
rCorr   .          Rampage  .   (no gloves)
Will    .....                   (no boots)
Stlth   ++........              (no amulet)
HPRegen 0.03/turn               (no ring)
MPRegen 0.10/turn               (no ring)

@: no status effects
A: no striking features
a: no special abilities


You were on level 1 of the Dungeon.
You visited 1 branch of the dungeon, and saw 1 of its levels.

You collected 23 gold pieces.

Inventory:

Hand Weapons
 a - a +1 dagger (weapon)
Armour
 b - a +0 robe (worn)
Scrolls
 d - a scroll of vulnerability {unknown}
Potions
 c - a potion of invisibility


   Skills:
 * Level 1.1 Short Blades
 + Level 2.4 Dodging
 - Level 3.6 Stealth
 - Level 3.0 Spellcasting
 - Level 4.0 Hexes


You had 6 spell levels left.
You didn't know any spells.
Your spell library contained the following spells:

 Spells                   Type           Power      Damage    Failure   Level
 Confusing Touch          Hex            18%        N/A       9%          3
 Tukima's Dance           Hex            18%        N/A       9%          3
 Ensorcelled Hibernation  Hex/Ice        20%        N/A       10%         2
 Dazzling Flash           Conj/Hex       20%        N/A       21%         3


Dungeon Overview and Level Annotations

Branches:
Dungeon (1/15)

Altars:


Message History

a +0 club; a kobold corpse
Found 20 stones.
Found a stone staircase leading down.
A hobgoblin comes into view.
The hobgoblin shouts!
The hobgoblin hits you but does no damage.
You barely miss the hobgoblin. The hobgoblin hits you.
You barely miss the hobgoblin.
The hobgoblin hits you but does no damage.
You hit the hobgoblin.
The hobgoblin is heavily wounded.
The hobgoblin hits you but does no damage.
You hit the hobgoblin.
The hobgoblin is almost dead.
The hobgoblin hits you.
Hit: a) +1 dagger
Press: ? - help, Dir - move target, f - hobgoblin
Aim: a hobgoblin (almost dead, about 36% to evade your +1 dagger)
You hit the hobgoblin but do no damage.
The hobgoblin is almost dead.
The hobgoblin misses you.
Hit: a) +1 dagger
Press: ? - help, Dir - move target, f/p - hobgoblin
Aim: a hobgoblin (almost dead, about 36% to evade your +1 dagger)
You hit the hobgoblin but do no damage.
The hobgoblin is almost dead.
The hobgoblin closely misses you.
Hit: a) +1 dagger
Press: ? - help, Dir - move target, f/p - hobgoblin
Aim: a hobgoblin (almost dead, about 36% to evade your +1 dagger)
You hit the hobgoblin but do no damage.
The hobgoblin is almost dead.
The hobgoblin misses you.
Hit: a) +1 dagger
Press: ? - help, Dir - move target, f/p - hobgoblin
Aim: a hobgoblin (almost dead, about 36% to evade your +1 dagger)
You barely miss the hobgoblin.
The hobgoblin is almost dead.
The hobgoblin hits you.
You die...

###########
#g........# .#
#.@.......# ..##
#.........##...#
#.........#...(
#..............
#...........#
#....?.....##
#.....>...##
########.## #..#


You could see a hobgoblin.

Vanquished Creatures
  A kobold (D:1)
1 creature vanquished.

Notes
Turn   | Place    | Note
-------+----------+-------------------------------------------
     0 | D:1      | hashsling the Deep Elf Enchanter began the quest for the
                  | Orb.
     0 | D:1      | Reached XP level 1. HP: 10/10 MP: 6/6
   157 | D:1      | Slain by a hobgoblin

Illustrated notes

Levels and vault maps discovered:
D:1:      matt_arrival_spirals, layout_rooms, basic_ecumenical_altar,
          hangedman_abyss_or_decor_lesser_grid

Action                   || total
-------------------------++-------
Melee: Dagger            ||    11
Armor: Robe              ||     4
Dodge: Dodged            ||     3

Table legend: (Time is in decaauts)
 A = Elapsed time spent in this place.
 B = Non-inter-level travel time spent in this place.
 C = Inter-level travel time spent in this place.
 D = Time resting spent in this place.
 E = Time spent auto-exploring this place.
 F = Levels seen in this place.
 G = Mean time per level.
                   A        B        C        D        E       F      G
               +--------+--------+--------+--------+--------+-----+--------+
         Total |    156 |    156 |      0 |      0 |    132 |   1 |  156.0 |
       Dungeon |    156 |    156 |      0 |      0 |    132 |   1 |  156.0 |
               +--------+--------+--------+--------+--------+-----+--------+

Top non-repeatable levels by time:
     D:1: 156 daAuts
